TOP OF THE 1ST |
---|
Yellowknife Claws batting - Pitching for Ottawa Fat Cats : LHP Pablo Ortíz | Pitching: LHP Pablo Ortíz | | Batting: RHB Sergio Ortíz | 0-0: Called Strike 0-1: Ball 1-1: Foul Ball, location: 2F 1-2: Fly out, F5 (Line Drive, 56) | Batting: RHB Preston Church | 0-0: Ground out 3-1 (Groundball, 23) | Batting: LHB Richard Shelton | 0-0: Called Strike 0-1: Ball 1-1: Fly out, F9 (Line Drive, 9) | Top of the 1st over - 0 runs, 0 hits, 0 errors, 0 left on base; Yellowknife 0 - Ottawa 0 | BOTTOM OF THE 1ST |
---|
Ottawa Fat Cats batting - Pitching for Yellowknife Claws : RHP Germán Pérez | Pitching: RHP Germán Pérez | | Batting: RHB Juan Blanco | 0-0: Ground out 6-3 (Groundball, 6) | Batting: RHB Tim Hesse | 0-0: Called Strike 0-1: Fly out, F9 (Flyball, 9) | Batting: LHB Aaron Scott | 0-0: Called Strike 0-1: SINGLE (Groundball, 4D) | Batting: RHB Vicente Guerra | 0-0: Called Strike 0-1: Ball 1-1: Ball 2-1: Called Strike 2-2: Ball 3-2: Foul Ball, location: 2F 3-2: Foul Ball, location: 2F 3-2: Strikes out looking | Bottom of the 1st over - 0 runs, 1 hit, 0 errors, 1 left on base; Yellowknife 0 - Ottawa 0 | TOP OF THE 2ND |
---|
Yellowknife Claws batting - Pitching for Ottawa Fat Cats : LHP Pablo Ortíz | Batting: RHB Tomás Díaz | 0-0: Called Strike 0-1: Called Strike 0-2: Strikes out swinging | Batting: RHB Mike Morrow | 0-0: Ball 1-0: Foul Ball, location: 2F 1-1: Ball 2-1: Ball 3-1: Foul Ball, location: 2F 3-2: Ground out 4-3 (Groundball, 4M) | Batting: RHB Norberto Navarro | 0-0: Swinging Strike 0-1: Ball 1-1: Ball 2-1: Ground out 1-3 (Groundball, 13) | Top of the 2nd over - 0 runs, 0 hits, 0 errors, 0 left on base; Yellowknife 0 - Ottawa 0 | BOTTOM OF THE 2ND |
---|
Ottawa Fat Cats batting - Pitching for Yellowknife Claws : RHP Germán Pérez | Batting: LHB Geoff May | 0-0: Swinging Strike 0-1: Fly out, F7 (Flyball, 78M) | Batting: RHB Jesús Herrera | 0-0: Foul Ball, location: 2F 0-1: Ball 1-1: Ball 2-1: Swinging Strike 2-2: Strikes out swinging | Batting: RHB Ronald Cleveland | 0-0: Called Strike 0-1: Fly out, F8 (Flyball, 8RS) | Bottom of the 2nd over - 0 runs, 0 hits, 0 errors, 0 left on base; Yellowknife 0 - Ottawa 0 | TOP OF THE 3RD |
---|
Yellowknife Claws batting - Pitching for Ottawa Fat Cats : LHP Pablo Ortíz | Batting: LHB Mike Bowers | 0-0: Foul Ball, location: 2F 0-1: Ball 1-1: Foul Ball, location: 2F 1-2: Ball 2-2: Strikes out swinging | Batting: LHB Steve Blankenship | 0-0: Ball 1-0: Called Strike 1-1: Ball 2-1: Ball 3-1: Fly out, F4 (Popup, 34D) | Batting: LHB Anzai Yamaguchi | 0-0: Fly out, F9 (Flyball, 9LS) | Top of the 3rd over - 0 runs, 0 hits, 0 errors, 0 left on base; Yellowknife 0 - Ottawa 0 | BOTTOM OF THE 3RD |
---|
Ottawa Fat Cats batting - Pitching for Yellowknife Claws : RHP Germán Pérez | Batting: RHB Paul French | 0-0: Ball 1-0: Called Strike 1-1: Swinging Strike 1-2: Ball 2-2: Strikes out swinging | Batting: RHB Wayne Scott | 0-0: Ground out 3-1 (Groundball, 34) | Batting: RHB Juan Blanco | 0-0: Foul Ball, location: 2F 0-1: Ball 1-1: Ground out U3 (Groundball, 3L) | Bottom of the 3rd over - 0 runs, 0 hits, 0 errors, 0 left on base; Yellowknife 0 - Ottawa 0 | TOP OF THE 4TH |
---|
Yellowknife Claws batting - Pitching for Ottawa Fat Cats : LHP Pablo Ortíz | Batting: RHB Sergio Ortíz | 0-0: Ball 1-0: Ball 2-0: Ball 3-0: Called Strike 3-1: Called Strike 3-2: Base on Balls | Batting: RHB Preston Church | 0-0: Ball 1-0: Foul Ball, location: 2F 1-1: Ball 2-1: Swinging Strike 2-2: Foul Ball, location: 2F 2-2: Foul Ball, location: 2F 2-2: Grounds into double play, 1-4-3 (Groundball, 15) | Batting: LHB Richard Shelton | 0-0: Called Strike 0-1: Ball 1-1: Ball 2-1: Ball 3-1: Fly out, F6 (Popup, 4M) | Top of the 4th over - 0 runs, 0 hits, 0 errors, 0 left on base; Yellowknife 0 - Ottawa 0 | BOTTOM OF THE 4TH |
---|
Ottawa Fat Cats batting - Pitching for Yellowknife Claws : RHP Germán Pérez | Batting: RHB Tim Hesse | 0-0: Swinging Strike 0-1: Fly out, F6 (Line Drive, 6) | Batting: LHB Aaron Scott | 0-0: Ball 1-0: Ball 2-0: Ball 3-0: Called Strike 3-1: Foul Ball, location: 2F 3-2: Foul Ball, location: 2F 3-2: Foul Ball, location: 2F 3-2: Ground out 1-3 (Groundball, 13S) | Batting: RHB Vicente Guerra | 0-0: Swinging Strike 0-1: Swinging Strike 0-2: Ball 1-2: Ball 2-2: Ball 3-2: Foul Ball, location: 2F 3-2: SOLO HOME RUN (Flyball, 89XD), Distance : 405 ft | Batting: LHB Geoff May | 0-0: Called Strike 0-1: Ball 1-1: Ball 2-1: Foul Ball, location: 2F 2-2: Ball 3-2: Ground out U3 (Groundball, 3) | Bottom of the 4th over - 1 run, 1 hit, 0 errors, 0 left on base; Yellowknife 0 - Ottawa 1 | TOP OF THE 5TH |
---|
Yellowknife Claws batting - Pitching for Ottawa Fat Cats : LHP Pablo Ortíz | Batting: RHB Tomás Díaz | 0-0: Ball 1-0: Called Strike 1-1: Hit by Pitch | Batting: RHB Mike Morrow | 0-0: Called Strike 0-1: Ball 1-1: Ball 2-1: Called Strike 2-2: Strikes out swinging | Batting: RHB Norberto Navarro | 0-0: Ball 1-0: Ball Tomás Díaz steals 2nd base 2-0: Ball 3-0: Base on Balls | Batting: LHB Mike Bowers | 0-0: Called Strike Tomás Díaz is caught stealing 3rd base Norberto Navarro to second 0-1: Foul Ball, location: 2F 0-2: Ball 1-2: Fly out, F7 (Flyball, 7S) | Top of the 5th over - 0 runs, 0 hits, 0 errors, 1 left on base; Yellowknife 0 - Ottawa 1 | BOTTOM OF THE 5TH |
---|
Ottawa Fat Cats batting - Pitching for Yellowknife Claws : RHP Germán Pérez | Batting: RHB Jesús Herrera | 0-0: Ball 1-0: Fly out, F9 (Line Drive, 89D) | Batting: RHB Ronald Cleveland | 0-0: Foul Ball, location: 2F 0-1: Ball 1-1: SINGLE (Groundball, 4) (infield hit) | Batting: RHB Paul French | 0-0: Swinging Strike 0-1: Ball 1-1: SINGLE (Line Drive, 6MD) Ronald Cleveland to second | Batting: RHB Wayne Scott | 0-0: Swinging Strike 0-1: Grounds into double play, 5-4-3 (Groundball, 56) | Bottom of the 5th over - 0 runs, 2 hits, 0 errors, 1 left on base; Yellowknife 0 - Ottawa 1 | TOP OF THE 6TH |
---|
Yellowknife Claws batting - Pitching for Ottawa Fat Cats : LHP Pablo Ortíz | Batting: LHB Steve Blankenship | 0-0: Called Strike 0-1: Called Strike 0-2: Ground out 3-1 (Groundball, 23) | Batting: LHB Anzai Yamaguchi | 0-0: Ground out 4-3 (Groundball, 34) | Batting: RHB Sergio Ortíz | 0-0: Ball 1-0: Ball 2-0: Called Strike 2-1: Ball 3-1: Called Strike 3-2: Strikes out looking | Top of the 6th over - 0 runs, 0 hits, 0 errors, 0 left on base; Yellowknife 0 - Ottawa 1 | BOTTOM OF THE 6TH |
---|
Ottawa Fat Cats batting - Pitching for Yellowknife Claws : RHP Germán Pérez | Batting: RHB Juan Blanco | 0-0: Ball 1-0: Ground out 3-1 (Groundball, 34S) | Batting: RHB Tim Hesse | 0-0: Ball 1-0: Ball 2-0: Ball 3-0: Base on Balls | Pitching: RHP Rob Brennan | | Batting: LHB Aaron Scott | 0-0: Ball 1-0: Ball 2-0: Called Strike 2-1: Foul Ball, location: 2F 2-2: Foul Ball, location: 2F 2-2: Ball 3-2: Base on Balls Tim Hesse to second | Batting: RHB Vicente Guerra | 0-0: Ball 1-0: Called Strike 1-1: Ball 2-1: Fly out, F6 (Flyball, 6D) | Batting: LHB Geoff May | 0-0: Ball 1-0: Ball 2-0: Called Strike 2-1: Ball 3-1: Called Strike 3-2: Strikes out swinging | Bottom of the 6th over - 0 runs, 0 hits, 0 errors, 2 left on base; Yellowknife 0 - Ottawa 1 | TOP OF THE 7TH |
---|
Yellowknife Claws batting - Pitching for Ottawa Fat Cats : LHP Pablo Ortíz | Batting: RHB Preston Church | 0-0: Fly out, F7 (Flyball, 7D) | Batting: LHB Richard Shelton | 0-0: Ball 1-0: Called Strike 1-1: Ball 2-1: Ball 3-1: Foul Ball, location: 2F 3-2: Base on Balls | Batting: RHB Tomás Díaz | 0-0: Ball 1-0: Foul Ball, location: 2F 1-1: Ball 2-1: Foul Ball, location: 2F 2-2: SINGLE (Groundball, 6MD) Richard Shelton to second | Batting: RHB Mike Morrow | 0-0: Swinging Strike 0-1: Called Strike 0-2: Ball 1-2: Ball 2-2: Strikes out looking | Batting: RHB Norberto Navarro | 0-0: Ball 1-0: Foul Ball, location: 2F 1-1: Foul Ball, location: 2F 1-2: Ball 2-2: Ball 3-2: SINGLE (Flyball, 7LS) Richard Shelton to third Tomás Díaz to second Richard Shelton scores Tomás Díaz to third | Batting: LHB Mike Bowers | 0-0: Ball 1-0: Foul Ball, location: 2F 1-1: Swinging Strike 1-2: Fly out, F8 (Flyball, 8LM) | Top of the 7th over - 1 run, 2 hits, 0 errors, 2 left on base; Yellowknife 1 - Ottawa 1 | BOTTOM OF THE 7TH |
---|
Ottawa Fat Cats batting - Pitching for Yellowknife Claws : RHP Rob Brennan | Batting: RHB Jesús Herrera | 0-0: Foul Ball, location: 2F 0-1: Hit by Pitch | Pinch Hitting: RHB Roberto Rodríguez | 0-0: Called Strike 0-1: Ball 1-1: Ball 2-1: Bunted foul 2-2: Strikes out looking | Batting: RHB Paul French | 0-0: Ball 1-0: Ball 2-0: Ball 3-0: Called Strike 3-1: Fly out, F7 (Flyball, 7) | Batting: RHB Wayne Scott | 0-0: Foul Ball, location: 2F 0-1: Called Strike 0-2: Strikes out swinging | Bottom of the 7th over - 0 runs, 0 hits, 0 errors, 1 left on base; Yellowknife 1 - Ottawa 1 | TOP OF THE 8TH |
---|
Yellowknife Claws batting - Pitching for Ottawa Fat Cats : LHP Pablo Ortíz | Pitching: LHP Gustavo Sánchez | | Now in CF: Roberto Rodríguez | | Batting: LHB Steve Blankenship | 0-0: Called Strike 0-1: Ball 1-1: SINGLE (Groundball, 6D) | Pinch Runner at 1st Ernesto Sánchez: | | Batting: LHB Anzai Yamaguchi | 0-0: Ball 1-0: Called Strike 1-1: Ball 2-1: Foul Ball, location: 2F 2-2: Ground out 6-3 (Groundball, 4MD) Ernesto Sánchez to second | Batting: RHB Sergio Ortíz | 0-0: Called Strike 0-1: Ball 1-1: Called Strike 1-2: Ball 2-2: Ball 3-2: Strikes out swinging | Batting: RHB Preston Church | 0-0: SINGLE (Groundball, 3S) (infield hit) Ernesto Sánchez to third | Batting: LHB Richard Shelton | 0-0: Called Strike 0-1: DOUBLE (Line Drive, 7) Ernesto Sánchez scores Preston Church to third Runner from 3rd tries for Home, SAFE, no throw | Pitching: RHP Jorge Báez | | Batting: RHB Tomás Díaz | 0-0: Called Strike 0-1: Foul Ball, location: 2F 0-2: Ground out 4-3 (Groundball, 4) | Top of the 8th over - 2 runs, 3 hits, 0 errors, 1 left on base; Yellowknife 3 - Ottawa 1 | BOTTOM OF THE 8TH |
---|
Ottawa Fat Cats batting - Pitching for Yellowknife Claws : RHP Roberto Martínez | Pitching: RHP Roberto Martínez | | Now at 1B: Matt Dukes | | Batting: RHB Juan Blanco | 0-0: SINGLE (Flyball, 89M) | Batting: RHB Tim Hesse | 0-0: Called Strike 0-1: Ball 1-1: Foul Ball, location: 2F 1-2: Ball 2-2: Ground out 4-3 (Groundball, 34) Juan Blanco to second | Batting: LHB Aaron Scott | 0-0: Reached on error, E3 (Groundball, 34) Juan Blanco to third | Batting: RHB Vicente Guerra | 0-0: Called Strike 0-1: Fly out, F9 (Flyball, 89S) Runner from 3rd tags up, SCORES, no throw | Pitching: LHP Gianluigi Bartolini | | Pinch Runner at 1st Justin Tubridy: | | Pinch Hitting: RHB Louis-Alexandre Lévesque | 0-0: SINGLE (Line Drive, 4D) Justin Tubridy to second Runner from 2nd tries for 3rd, SAFE, no throw | Batting: RHB Jesús Herrera | 0-0: Reached via error on a dropped throw, E1 Justin Tubridy scores Louis-Alexandre Lévesque to second | Batting: RHB Roberto Rodríguez | 0-0: Ball 1-0: SINGLE (Groundball, 4MD) Louis-Alexandre Lévesque to third Jesús Herrera to second Runner from 3rd tries for Home, SAFE, no throw | Batting: RHB Paul French | 0-0: Swinging Strike 0-1: Ball 1-1: Ball 2-1: Called Strike 2-2: Ball 3-2: Strikes out swinging | Bottom of the 8th over - 3 runs, 3 hits, 2 errors, 2 left on base; Yellowknife 3 - Ottawa 4 | TOP OF THE 9TH |
---|
Yellowknife Claws batting - Pitching for Ottawa Fat Cats : RHP Jorge Báez | Now at 1B: Louis-Alexandre Lévesque | | Now at 3B: Dennis Kelly | | Now at SS: Joseph Leach | | Pinch Hitting: LHB Otis Campbell | 0-0: Swinging Strike 0-1: Ball 1-1: Foul Ball, location: 2F 1-2: Ball 2-2: Reached on error, E6 (Groundball, 6) | Batting: RHB Norberto Navarro | 0-0: Ball 1-0: Ball 2-0: Grounds into double play, 6-4-3 (Groundball, 6) | Batting: LHB Mike Bowers | 0-0: Foul Ball, location: 2F 0-1: Swinging Strike 0-2: Ground out 4-3 (Groundball, 4) | Top of the 9th over - 0 runs, 0 hits, 1 error, 0 left on base; Yellowknife 3 - Ottawa 4 | |